 Dungeon Crawl Stone Soup version 0.22-a0-406-g9ff8d77 (webtiles) character file.

305 Borgoz the Skirmisher (level 6, -2/39 HPs)
             Began as a Gargoyle Abyssal Knight on May 8, 2018.
             Was a Follower of Lugonu.
             Slain by an iguana (8 damage)
             ... on level 4 of the Dungeon.
             The game lasted 00:04:51 (3476 turns).

Borgoz the Skirmisher (Gargoyle Abyssal Knight)     Turns: 3476, Time: 00:04:52

Health: -2/39      AC: 13    Str: 15    XL:     6   Next: 39%
Magic:  8/8        EV: 11    Int: 13    God:    Lugonu [*.....]
Gold:   106        SH:  0    Dex: 11    Spells: 5/5 levels left

rFire    . . .     SeeInvis .   a - +1 hand axe
rCold    + . .     Gourm    .   (no shield)
rNeg     + . .     Faith    .   e - +3 ring mail {rC+}
rPois    ∞         Spirit   .   (no helmet)
rElec    +         Reflect  .   (no cloak)
rCorr    .         Harm     .   (no gloves)
MR       .....                  (no boots)
Stlth    +.........             (no amulet)
HPRegen  0.13/turn              (no ring)
MPRegen  0.11/turn              (no ring)

@: no status effects
A: negative energy resistance 1, electricity resistance, unbreathing,
petrification resistance, rot immunity, AC +4
a: Depart the Abyss, Renounce Religion


You were on level 4 of the Dungeon.
You worshipped Lugonu.
Lugonu was aware of your devotion.
You were not hungry.

You visited 1 branch of the dungeon, and saw 5 of its levels.
You visited the Abyss 1 time.

You collected 106 gold pieces.

Inventory:

Hand Weapons
 a - a +1 hand axe (weapon)
Missiles
 h - a throwing net (quivered)
Armour
 e - a +3 ring mail of cold resistance (worn)
Wands
 b - a wand of polymorph (7)
Scrolls
 d - a scroll of amnesia {unknown}
 f - 2 scrolls of teleportation
 g - a scroll of remove curse {unknown}
Potions
 i - 2 potions of curing
 j - a potion of agility
 k - a potion of invisibility
 m - a potion of magic {unknown}
 o - 2 potions of mutation {unknown}
 p - 2 potions of degeneration {unknown}
Comestibles
 c - 3 rations
 l - 5 chunks of flesh


   Skills:
 + Level 4.5 Fighting
 + Level 3.0 Axes
 + Level 3.7 Armour
 + Level 2.2 Dodging
 + Level 3.5 Invocations


You had 5 spell levels left.
You didn't know any spells.

Dungeon Overview and Level Annotations

Branches:
Dungeon (5/15)             Temple (0/1) D:4

Altars:
Ashenzari
Fedhas
Gozag

Annotations:
D:3 exclusion: oklob plant
D:4 p0werm0de's ghost, amateur TrFi


Innate Abilities, Weirdness & Mutations

You are resistant to torment.
Your stone body is resilient. (AC +4)
You are immune to poison.
You resist negative energy. (rN+)
You are resistant to electric shocks. (rElec)
You can survive without breathing.
You are immune to petrification.
You are immune to rotting.


Message History

The iguana is lightly wounded.
The iguana bites you.
You hit the iguana.
The iguana is moderately wounded.
The iguana closely misses you.
The iguana bites you but does no damage.
You slash the iguana!
The iguana is almost dead.
The iguana barely misses you.
You hit the iguana but do no damage.
The iguana is almost dead.
The iguana bites you!
* * * LOW HITPOINT WARNING * * *
You barely miss the iguana.
The iguana is almost dead.
The iguana closely misses you.
You hit the iguana but do no damage.
The iguana is almost dead.
The iguana bites you!
You die...

#'#'######
..#.#############
###.............#
########....#.#
........##.#.#
.#####..##.#.#
#..##.#.#
#..##.#.###
#..##...@.#
.......†#l#
......#.#...
....#.#.###.#
#.#.....# ... #
#.# #.# #.# ..
... .# # #. #
#.#.#.


You could see an iguana.

Vanquished Creatures
  A scorpion (D:4)
  A crimson imp (D:4)
  A hound (D:3)
  An iguana (D:4)
  Ijyb (D:3)
  A worker ant (D:4)
  5 adders
  An ooze (D:3)
  2 worms (D:3)
  A dart slug (D:1)
  4 leopard geckos
  3 orcs (D:3)
  3 giant cockroaches
  5 goblins
  6 hobgoblins
  3 jackals (D:3)
  2 quokkas (D:3)
  A ball python (D:1)
  8 bats
  3 frilled lizards
  5 kobolds (D:3)
  4 rats
62 creatures vanquished.

Notes
Turn   | Place    | Note
-------+----------+-------------------------------------------
     0 | Abyss:1  | Borgoz the Gargoyle Abyssal Knight began the quest for the Orb.
     0 | Abyss:1  | Reached XP level 1. HP: 14/14 MP: 2/2
    74 | Abyss:1  | Noticed a red draconian
    89 | Abyss:1  | Noticed a necromancer
    91 | D:1      | Escaped the Abyss
   438 | D:1      | Reached skill level 1 in Dodging
   438 | D:1      | Reached XP level 2. HP: 18/19 MP: 3/3
   441 | D:1      | Reached * piety under Lugonu
   935 | D:2      | Reached XP level 3. HP: 23/23 MP: 4/4
  1418 | D:3      | Found a blossoming altar of Fedhas.
  1430 | D:3      | Noticed an oklob plant
  1513 | D:3      | Reached XP level 4. HP: 14/29 MP: 5/5
  1518 | D:3      | HP: 1/29 [worm (5)]
  2043 | D:3      | Found a shattered altar of Ashenzari.
  2043 | D:3      | Found a faded altar of an unknown god.
  2048 | D:3      | Found a faded altar of an unknown god.
  2050 | D:3      | Found a blossoming altar of Fedhas.
  2052 | D:3      | Found an opulent altar of Gozag.
  2210 | D:3      | Reached skill level 4 in Fighting
  2475 | D:3      | Reached ** piety under Lugonu
  2519 | D:3      | Reached XP level 5. HP: 33/33 MP: 7/7
  2951 | D:4      | Noticed p0werm0de's ghost (amateur TrFi)
  2952 | D:5      | Entered Level 5 of the Dungeon
  3235 | D:4      | Reached XP level 6. HP: 26/39 MP: 8/8
  3349 | D:4      | Found a staircase to the Ecumenical Temple.
  3350 | D:4      | Noticed Ijyb
  3384 | D:3      | Killed Ijyb
  3476 | D:4      | Slain by an iguana

Vault maps used:
D:1:      minmay_arrival_checkered_box
D:2:      first_ration
D:3:      nicolae_overflow_hidden_temple, chequers_temple_overflow_minitemple,
          minmay_misc_feat_hallway, minmay_misc_feat_rows, tgw_fedhas
D:4:      minmay_temple_entry_crystal_x, uniq_ijyb, uniq_robin
D:5:      lemuel_crystal_altar, lemuel_crystal_altar,
          hangedman_decor_diamond_cutter, tgw_xom, uniq_blork_the_orc

Skill      XL: |  1  2  3  4  5  6 |
---------------+-------------------+-----
Dodging        | 1 2 |  2.2
Axes           | 2 3 |  3.0
Armour         | 3 |  3.7
Fighting       | 4 |  4.5
Invocations    | 3 |  3.5

Action                   |  1- 3 |  4- 6 || total
-------------------------+-------+-------++-------
Melee: Hand axe          |    89 |   231 ||   320
Invok: Depart the Abyss  |     1 |       ||     1
  Use: Scroll            |       |     3 ||     3
  Eat: Chunk             |     2 |     3 ||     5
       Ration            |       |     1 ||     1
Armor: Leather armour    |    42 |    69 ||   111
       Plate armour      |       |    41 ||    41
       Ring mail         |       |     7 ||     7
       Skin              |       |     3 ||     3
Dodge: Dodged            |    58 |   132 ||   190

Table legend:
 A = Spawn XP
 B = Non-spawn XP
 C = Spawn XP percentage of total XP
 D = Spawn monster count
 E = Non-spawn monster count
 F = Spawn count percentage of total count
 G = Total turns spent on level
                    A         B        C        D         E        F      G
               +---------+---------+-------+---------+---------+-------+---------
         Total |       0 |     436 |   0.0 |       0 |      62 |   0.0 |  3476
               +---------+---------+-------+---------+---------+-------+---------
           D:1 |       0 |      23 |   0.0 |       0 |      13 |   0.0 |   837
           D:2 |       0 |      38 |   0.0 |       0 |       9 |   0.0 |   761
           D:3 |       0 |     184 |   0.0 |       0 |      36 |   0.0 |  1238
           D:4 |       0 |     191 |   0.0 |       0 |       4 |   0.0 |   470
               +---------+---------+-------+---------+---------+-------+---------
